Jets vs Lightning

Created - 8 janvier 2020 at 12:25

Goals
1 2 3 T
Jets 2 0 1 3
Lightning 3 0 1 4
Shots
1 2 3 T
Jets 15 12 18 45
Lightning 13 8 16 37

1st period

1. Lightning , Tyler Seguin 14 (Radko Gudas 8, Ryan Nugent-Hopkins 21) at 5:40 (PP)
2. Lightning , Ryan Nugent-Hopkins 16 (Jon Marchessault 14, Tyler Seguin 24) at 10:52
3. Jets , Janne Kuokkanen 4 (Josh Manson 14, Martin Hanzal 4) at 12:14
4. Lightning , Nick Foligno 9 (Mikko Koivu 5) at 15:42
5. Jets , Janne Kuokkanen 5 (Brett Ritchie 2) at 18:46

Penalties :
Nathan MacKinnon (WIN) for Hooking (Minor) at 5:16, Colin Miller (TAM) for Roughing (Minor) at 7:57, James van Riemsdyk (WIN) for Boarding (Minor) at 19:26

2nd period

No Goal

Penalties :
Ryan Nugent-Hopkins (TAM) for Holding (Minor) at 11:55, James van Riemsdyk (WIN) for Slashing (Minor) at 16:30

3rd period

6. Lightning , Jon Marchessault 13 (Noah Hanifin 7, Ryan Nugent-Hopkins 22) at 2:15
7. Jets , Filip Chytil 10 (Mark Pysyk 7, Troy Brouwer 14) at 8:34

Penalties :
No Penalty

Goalie Stats

MacKenzie Blackwood (WIN), 33 saves from 37 shots - (0,892), L, 12-9-5, 59:12 minutes
Jake Oettinger (TAM), 42 saves from 45 shots - (0,933), W, 4-6-3, 60:00 minutes

Players Stats for Jets

Player Name              G  A  P  +/- PIM S  H  SB GA TA FO     MP     PP MP  PK MP  
------------------------------------------------------------------------------------
Alex Galchenyuk          0  0  0   0  0   5  2  0  0  1  1/1    16:21   2:01   0:00 
Brett Ritchie            0  1  1   1  0   2  3  1  0  1  0/0     9:23   0:00   0:00 
Colton Sissons           0  0  0   1  0   5  1  0  0  0  8/10   14:53   2:01   2:55 
Filip Chytil             1  0  1   1  0   5  0  0  0  0  0/0     9:54   0:00   0:00 
James van Riemsdyk       0  0  0  -2  4   2  0  0  0  0  1/2    19:58   1:57   0:00 
Janne Kuokkanen          2  0  2   1  0   2  2  1  0  0  1/1     9:49   0:00   0:26 
Jonathan Ericsson        0  0  0   1  0   0  1  0  0  0  0/0     6:53   2:04   1:02 
Josh Manson              0  1  1   0  0   2  4  1  0  1  0/0    30:05   2:23   3:20 
Josh Morrissey           0  0  0   0  0   0  0  1  0  0  0/0     3:17   0:00   0:00 
Mark Pysyk               0  1  1   0  0   1  3  3  1  0  0/0    27:38   0:00   3:20 
Martin Hanzal            0  1  1   1  0   0  0  1  0  0  4/6    10:24   0:00   1:01 
Matt Hunwick             0  0  0   0  0   3  1  0  0  2  0/0    27:59   1:31   0:00 
Nate Prosser             0  0  0  -1  0   1  1  1  0  1  0/0    23:34   1:58   1:02 
Nathan MacKinnon         0  0  0  -2  2   5  3  0  0  0  15/29  21:35   1:57   0:00 
Troy Brouwer             0  1  1   1  0   4  3  1  0  0  0/0    12:52   0:00   2:55 
Victor Olofsson          0  0  0  -2  0   6  1  0  1  0  0/0    21:07   1:57   0:00 
Wayne Simmonds           0  0  0   0  0   2  3  0  0  0  1/1    16:12   2:01   1:01 
Zach Aston-Reese         0  0  0   0  0   0  1  0  0  0  4/18   13:41   0:00   0:26 

Players Stats for Lightning

Player Name              G  A  P  +/- PIM S  H  SB GA TA FO     MP     PP MP  PK MP  
------------------------------------------------------------------------------------
Alexander True           0  0  0  -1  0   0  0  1  0  0  0/2     7:15   0:00   0:00 
Andrej Sekera            0  0  0  -1  0   0  2  1  0  0  0/0    15:45   0:00   0:00 
Andrew Cogliano          0  0  0  -1  0   2  0  0  1  0  0/2    11:10   0:00   1:31 
Carl Soderberg           0  0  0  -1  0   1  2  1  0  0  4/10   15:05   1:53   2:27 
Chris Wagner             0  0  0  -1  0   1  1  1  0  0  0/0    10:32   0:00   2:08 
Colin Miller             0  0  0   2  2   1  1  2  1  0  0/0    17:34   1:35   0:00 
Johnny Boychuk           0  0  0   1  0   0  2  0  0  1  0/0    19:23   1:35   2:30 
Jon Marchessault         1  1  2   1  0   6  0  0  0  0  1/1    21:23   2:29   0:00 
Matt Cullen              0  0  0  -1  0   1  1  3  0  0  0/1    12:00   0:00   1:12 
Michael Stone            0  0  0  -2  0   0  0  0  0  0  0/0    16:28   0:00   1:28 
Mikko Koivu              0  1  1   1  0   4  2  0  1  0  12/18  14:43   0:00   0:00 
Nick Foligno             1  0  1   1  0   5  0  0  1  0  1/3    17:14   1:53   0:38 
Noah Hanifin             0  1  1   0  0   2  0  3  0  0  0/0    24:52   2:47   1:28 
Radko Gudas              0  1  1   0  0   1  2  0  0  1  0/0    25:57   2:47   2:30 
Ryan Dzingel             0  0  0   1  0   3  0  0  2  0  0/1    16:36   1:53   0:00 
Ryan Nugent-Hopkins      1  2  3   1  2   4  1  0  0  0  14/29  21:25   2:29   0:00 
Tyler Seguin             1  1  2   1  0   3  1  1  0  0  0/0    21:23   2:29   0:00 
Tyson Jost               0  0  0  -1  0   3  0  1  0  0  1/1     7:15   0:00   0:00 

3 Stars

1 - Janne Kuokkanen (WIN)
2 - Ryan Nugent-Hopkins (TAM)
3 - Tyler Seguin (TAM)

Power Play

Jets - 0 on 2 Attempt(s) - 0,00%
Lightning - 1 on 3 Attempt(s) - 33,33%

Penalty Kill

Jets - 2 on 3 Attempt(s) - 66,67% - Score 0 goal in Penalty Kill
Lightning - 2 on 2 Attempt(s) - 100,00% - Score 0 goal in Penalty Kill

Team Stat

Jets - Hits : 29 - Faceoff Wins : 35 - Blocked Shots : 10 - Penalty Minutes : 6
Lightning - Hits : 15 - Faceoff Wins : 33 - Blocked Shots : 14 - Penalty Minutes : 4

Official

Referees : Tim Peel and Evgeny Romasko
Linesman : Pierre Racicot and Trent Knorr

Game Notes

Josh Morrissey is injured at 6:42 of 1st period (Left Eye)

Finance

Level 1 -- Attendance: 5799 (96,65%) -- Ticket Income 492 915 $
Level 2 -- Attendance: 3383 (67,66%) -- Ticket Income 253 725 $
Level 3 -- Attendance: 1120 (56,00%) -- Ticket Income 61 600 $
Level 4 -- Attendance: 1702 (42,55%) -- Ticket Income 68 080 $
Luxury Box -- Attendance: 1000 (100,00%) -- Ticket Income 150 000 $
Game was played at the Tampa Baseball Stadium.
Total Attendance: 13004 (72,24%)
Total Ticket Income: 1 026 320 $
Other Income: 502 897 $
Total Income: 1 529 217 $

Jets

5 vs 5 Forward 
   Center                   Left Wing                Right Wing               Time % Phy DF OF 
 1 Nathan MacKinnon         James van Riemsdyk       Victor Olofsson          40     1   2  2  
 2 Zach Aston-Reese         Wayne Simmonds           Alex Galchenyuk          30     1   2  2  
 3 Colton Sissons           Filip Chytil             Troy Brouwer             20     1   2  2  
 4 Martin Hanzal            Janne Kuokkanen          Brett Ritchie            10     1   2  2  

5 vs 5 Defense 
   Defense                  Defense                                           Time % Phy DF OF 
 1 Josh Morrissey           Mark Pysyk                                        40     1   2  2  
 2 Matt Hunwick             Josh Manson                                       30     1   2  2  
 3 Matt Hunwick             Nate Prosser                                      20     1   2  2  
 4 Mark Pysyk               Josh Morrissey                                    10     1   2  2  

PowerPlay Forward 
   Center                   Left Wing                Right Wing               Time % Phy DF OF 
 1 Nathan MacKinnon         James van Riemsdyk       Victor Olofsson          60     1   2  2  
 2 Colton Sissons           Wayne Simmonds           Alex Galchenyuk          40     1   2  2  

PowerPlay Defense
   Defense                  Defense                                           Time % Phy DF OF 
 1 Josh Morrissey           Nate Prosser                                      60     1   2  2  
 2 Josh Manson              Matt Hunwick                                      40     1   2  2  

Penalty Kill 4 Players Forward 
   Center                   Wing                     Time % Phy DF OF 
 1 Colton Sissons           Troy Brouwer             60     1   2  2  
 2 Martin Hanzal            Wayne Simmonds           40     1   2  2  

Penalty Kill 4 Players Defense
   Defense                  Defense                  Time % Phy DF OF 
 1 Mark Pysyk               Josh Manson              60     1   2  2  
 2 Jonathan Ericsson        Nate Prosser             40     1   2  2  

Penalty Kill - 3 Players Forward 
   Forward                                           Time % Phy DF OF 
 1 Colton Sissons                                    60     1   2  2  
 2 Martin Hanzal                                     40     1   2  2  

Penalty Kill - 3 Players Defense
   Defense                  Defense                  Time % Phy DF OF 
 1 Matt Hunwick             Josh Manson              60     1   2  2  
 2 Jonathan Ericsson        Nate Prosser             40     1   2  2  

4 vs 4 Forward 
   Center                   Wing                     Time % Phy DF OF 
 1 Zach Aston-Reese         Martin Hanzal            60     1   2  2  
 2 Colton Sissons           Wayne Simmonds           40     1   2  2  

4 vs 4 Defense
   Defense                  Defense                  Time % Phy DF OF 
 1 Nate Prosser             Matt Hunwick             60     1   2  2  
 2 Josh Manson              Mark Pysyk               40     1   2  2  

Last Minutes Offensive
   Center                   Left Wing                Right Wing               Defense                  Defense                  
   Nathan MacKinnon         Victor Olofsson          Alex Galchenyuk          Josh Manson              Josh Morrissey           

Last Minutes Defensive
   Center                   Left Wing                Right Wing               Defense                  Defense                  
   Nathan MacKinnon         James van Riemsdyk       Troy Brouwer             Josh Manson              Josh Morrissey           

Goaltenders
Starting : MacKenzie Blackwood      
Backup : Craig Anderson           

Extra Forwards
Normal : Nathan MacKinnon, Wayne Simmonds, Victor Olofsson - PP : Nathan MacKinnon, Wayne Simmonds - PK : Janne Kuokkanen
Extra Defensemen
Normal : Nate Prosser, Josh Manson, Matt Hunwick - PP : Nate Prosser - PK : Josh Manson, Matt Hunwick
Penalty Shots
Nathan MacKinnon, Zach Aston-Reese, Victor Olofsson, Wayne Simmonds, Troy Brouwer
Custom OT Lines Forwards
Nathan MacKinnon, James van Riemsdyk, Alex Galchenyuk, Wayne Simmonds, Troy Brouwer, Zach Aston-Reese, Filip Chytil, Janne Kuokkanen, Victor Olofsson, Martin Hanzal
Custom OT Lines Defensemen
Mark Pysyk, Josh Morrissey, Josh Manson, Matt Hunwick, Nate Prosser

Scratches
Bobby Sanguinetti (Back Injury), Richard Clune (Healthy), Jonathan Bernier (Healthy)

Lightning

5 vs 5 Forward 
   Center                   Left Wing                Right Wing               Time % Phy DF OF 
 1 Ryan Nugent-Hopkins      Jon Marchessault         Tyler Seguin             40     0   2  3  
 2 Mikko Koivu              Nick Foligno             Ryan Dzingel             30     0   2  3  
 3 Carl Soderberg           Matt Cullen              Andrew Cogliano          20     0   2  3  
 4 Alexander True           Tyson Jost               Chris Wagner             10     0   2  3  

5 vs 5 Defense 
   Defense                  Defense                                           Time % Phy DF OF 
 1 Radko Gudas              Noah Hanifin                                      42     0   3  2  
 2 Johnny Boychuk           Colin Miller                                      33     0   3  2  
 3 Michael Stone            Andrej Sekera                                     25     0   3  2  
 4 Colin Miller             Radko Gudas                                       0      0   3  2  

PowerPlay Forward 
   Center                   Left Wing                Right Wing               Time % Phy DF OF 
 1 Ryan Nugent-Hopkins      Jon Marchessault         Tyler Seguin             60     0   1  4  
 2 Carl Soderberg           Nick Foligno             Ryan Dzingel             40     0   1  4  

PowerPlay Defense
   Defense                  Defense                                           Time % Phy DF OF 
 1 Radko Gudas              Noah Hanifin                                      60     0   1  4  
 2 Johnny Boychuk           Colin Miller                                      40     0   1  4  

Penalty Kill 4 Players Forward 
   Center                   Wing                     Time % Phy DF OF 
 1 Carl Soderberg           Chris Wagner             60     0   4  1  
 2 Matt Cullen              Andrew Cogliano          40     0   4  1  

Penalty Kill 4 Players Defense
   Defense                  Defense                  Time % Phy DF OF 
 1 Radko Gudas              Johnny Boychuk           60     0   4  1  
 2 Noah Hanifin             Michael Stone            40     0   4  1  

Penalty Kill - 3 Players Forward 
   Forward                                           Time % Phy DF OF 
 1 Carl Soderberg                                    60     0   5  0  
 2 Matt Cullen                                       40     0   5  0  

Penalty Kill - 3 Players Defense
   Defense                  Defense                  Time % Phy DF OF 
 1 Radko Gudas              Johnny Boychuk           60     0   5  0  
 2 Noah Hanifin             Michael Stone            40     0   5  0  

4 vs 4 Forward 
   Center                   Wing                     Time % Phy DF OF 
 1 Mikko Koivu              Tyler Seguin             60     0   2  3  
 2 Ryan Nugent-Hopkins      Jon Marchessault         40     0   2  3  

4 vs 4 Defense
   Defense                  Defense                  Time % Phy DF OF 
 1 Radko Gudas              Noah Hanifin             60     0   2  3  
 2 Colin Miller             Johnny Boychuk           40     0   2  3  

Last Minutes Offensive
   Center                   Left Wing                Right Wing               Defense                  Defense                  
   Ryan Nugent-Hopkins      Ryan Dzingel             Tyler Seguin             Radko Gudas              Noah Hanifin             

Last Minutes Defensive
   Center                   Left Wing                Right Wing               Defense                  Defense                  
   Carl Soderberg           Matt Cullen              Chris Wagner             Radko Gudas              Johnny Boychuk           

Goaltenders
Starting : Jake Oettinger           
Backup : Braden Holtby            

Extra Forwards
Normal : Mikko Koivu, Andrew Cogliano, Carl Soderberg - PP : Mikko Koivu, Chris Wagner - PK : Nick Foligno
Extra Defensemen
Normal : Michael Stone, Andrej Sekera, Colin Miller - PP : Michael Stone - PK : Andrej Sekera, Colin Miller
Penalty Shots
Tyler Seguin, Mikko Koivu, Matt Cullen, Andrew Cogliano, Noah Hanifin
Custom OT Lines Forwards
Tyler Seguin, Ryan Nugent-Hopkins, Ryan Dzingel, Jon Marchessault, Carl Soderberg, Chris Wagner, Mikko Koivu, Alexander True, Matt Cullen, Nick Foligno
Custom OT Lines Defensemen
Johnny Boychuk, Noah Hanifin, Colin Miller, Michael Stone, Andrej Sekera

Scratches
Eric Tangradi (Healthy), Nicolas Deslauriers (Healthy)

% Time on Ice - Jets

Lines # - Real PCT - Wanted PCT - Time Play
Normal Forward
1 - 36% - 40% - 18:03
2 - 26% - 30% - 13:10
3 - 20% - 20% - 9:54
4 - 19% - 10% - 9:23
Normal Defense
1 - 46% - 40% - 22:59
2 - 25% - 30% - 12:48
3 - 19% - 20% - 9:43
4 - 10% - 10% - 5:00
PP Forward
1 - 49% - 60% - 1:57
2 - 51% - 40% - 2:01
PP Defense
1 - 100% - 60% - 3:58
2 - 0% - 40% - 0:00
PK Forward
1 - 77% - 60% - 3:21
2 - 23% - 40% - 1:01
PK Defense
1 - 76% - 60% - 3:20
2 - 24% - 40% - 1:02
PK3 Forward
1 - 0% - 60%
2 - 0% - 40%
PK3 Defense
1 - 0% - 60%
2 - 0% - 40%
44 Forward
1 - 0% - 60%
2 - 0% - 40%
44 Defense
1 - 0% - 60%
2 - 0% - 40%
Last Minute Offensive  - 1:10
Last Minute Defensive  - 0:00
Total
Forward - 60:00
Defense - 60:00

% Time on Ice - Lightning

Lines # - Real PCT - Wanted PCT - Time Play
Normal Forward
1 - 37% - 40% - 18:54
2 - 29% - 30% - 14:46
3 - 19% - 20% - 9:36
4 - 14% - 10% - 7:15
Normal Defense
1 - 41% - 42% - 20:40
2 - 32% - 33% - 16:00
3 - 27% - 25% - 13:51
4 - 0% - 0% - 0:00
PP Forward
1 - 57% - 60% - 2:29
2 - 43% - 40% - 1:53
PP Defense
1 - 64% - 60% - 2:47
2 - 36% - 40% - 1:35
PK Forward
1 - 70% - 60% - 2:46
2 - 30% - 40% - 1:12
PK Defense
1 - 63% - 60% - 2:30
2 - 37% - 40% - 1:28
PK3 Forward
1 - 0% - 60%
2 - 0% - 40%
PK3 Defense
1 - 0% - 60%
2 - 0% - 40%
44 Forward
1 - 0% - 60%
2 - 0% - 40%
44 Defense
1 - 0% - 60%
2 - 0% - 40%
Last Minute Offensive  - 0:00
Last Minute Defensive  - 1:09
Total
Forward - 60:00
Defense - 60:00

Play-by-Play

1st period


0:01 of 1st period - Nathan MacKinnon wins face-off versus Ryan Nugent-Hopkins in neutral zone.
0:04 of 1st period - Wrist shot by Nathan MacKinnon.
0:04 of 1st period - Shot Misses the Net.
0:39 of 1st period - Wrist shot by Ryan Dzingel.
0:39 of 1st period - Shot Misses the Net.
0:51 of 1st period - Slapshot by Alexander True.
0:51 of 1st period - Shot Misses the Net.
1:33 of 1st period - Snap shot by Nathan MacKinnon.
1:33 of 1st period - Shot Blocked by Andrej Sekera.
1:35 of 1st period - Slapshot by Josh Morrissey.
1:35 of 1st period - Shot Misses the Net.
1:45 of 1st period - Slapshot by Victor Olofsson.
1:45 of 1st period - Stopped by Jake Oettinger without a rebound.
1:46 of 1st period - Mikko Koivu wins face-off versus Martin Hanzal in Lightning zone.
1:46 of 1st period - Mikko Koivu is hit by Janne Kuokkanen.
1:56 of 1st period - Snap shot by Nick Foligno.
1:56 of 1st period - Shot Misses the Net.
2:00 of 1st period - Snap shot by Ryan Dzingel.
2:00 of 1st period - Stopped by MacKenzie Blackwood without a rebound.
2:01 of 1st period - Nathan MacKinnon wins face-off versus Ryan Nugent-Hopkins in Jets zone.
2:12 of 1st period - Snap shot by James van Riemsdyk.
2:12 of 1st period - Stopped by Jake Oettinger with a rebound.
2:14 of 1st period - Slapshot by Nate Prosser.
2:14 of 1st period - Shot Blocked by Tyler Seguin.
2:16 of 1st period - Snap shot by James van Riemsdyk.
2:16 of 1st period - Deflect By Nathan MacKinnon.
2:16 of 1st period - Shot Misses the Net.
2:16 of 1st period - Puck is out of play.
2:17 of 1st period - Mikko Koivu wins face-off versus Colton Sissons in Lightning zone.
2:17 of 1st period - Mikko Koivu is hit by Troy Brouwer.
2:44 of 1st period - Johnny Boychuk is hit by Nathan MacKinnon and loses puck.
2:55 of 1st period - Snap shot by Victor Olofsson.
2:55 of 1st period - Stopped by Jake Oettinger without a rebound.
2:56 of 1st period - Ryan Nugent-Hopkins wins face-off versus Zach Aston-Reese in Lightning zone.
2:56 of 1st period - Ryan Nugent-Hopkins is hit by Wayne Simmonds.
3:04 of 1st period - Wrist shot by Tyler Seguin.
3:04 of 1st period - Shot Blocked by Mark Pysyk.
3:45 of 1st period - Snap shot by Carl Soderberg.
3:45 of 1st period - Stopped by MacKenzie Blackwood without a rebound.
3:46 of 1st period - Carl Soderberg wins face-off versus James van Riemsdyk in Jets zone.
3:53 of 1st period - Josh Manson is hit by Carl Soderberg and loses puck.
4:02 of 1st period - Slapshot by Nathan MacKinnon.
4:02 of 1st period - Stopped by Jake Oettinger without a rebound.
4:03 of 1st period - Wayne Simmonds wins face-off versus Ryan Nugent-Hopkins in Lightning zone.
4:04 of 1st period - Snap shot by Alex Galchenyuk.
4:04 of 1st period - Stopped by Jake Oettinger without a rebound.
4:05 of 1st period - Ryan Nugent-Hopkins wins face-off versus Zach Aston-Reese in Lightning zone.
4:10 of 1st period - Snap shot by Ryan Nugent-Hopkins.
4:10 of 1st period - Shot Misses the Net.
4:12 of 1st period - Wrist shot by Jon Marchessault.
4:12 of 1st period - Stopped by MacKenzie Blackwood without a rebound.
4:13 of 1st period - Jon Marchessault wins face-off versus Zach Aston-Reese in Jets zone.
4:52 of 1st period - Snap shot by Ryan Nugent-Hopkins.
4:52 of 1st period - Stopped by MacKenzie Blackwood without a rebound.
4:53 of 1st period - Mikko Koivu wins face-off versus Nathan MacKinnon in Jets zone.
4:54 of 1st period - Wrist shot by Ryan Dzingel.
4:54 of 1st period - Shot Misses the Net.
4:56 of 1st period - Wrist shot by Nick Foligno.
4:56 of 1st period - Stopped by MacKenzie Blackwood with a rebound.
5:16 of 1st period - Minor Penalty to Nathan MacKinnon for Hooking.
5:17 of 1st period - Ryan Nugent-Hopkins wins face-off versus Colton Sissons in Jets zone.
5:22 of 1st period - Snap shot by Tyler Seguin.
5:22 of 1st period - Deflect By Jon Marchessault.
5:22 of 1st period - Stopped by MacKenzie Blackwood without a rebound.
5:23 of 1st period - Colton Sissons wins face-off versus Ryan Nugent-Hopkins in Jets zone.
5:38 of 1st period - Snap shot by Tyler Seguin.
5:38 of 1st period - Shot Blocked by Josh Manson.
5:40 of 1st period - Wrist shot by Radko Gudas.
5:40 of 1st period - Deflect By Tyler Seguin.
5:40 of 1st period - Goal by Tyler Seguin - Jets : 0 - Lightning : 1.
5:41 of 1st period - Colton Sissons wins face-off versus Alexander True in neutral zone.
6:06 of 1st period - Matt Hunwick is hit by Ryan Nugent-Hopkins and loses puck.
6:28 of 1st period - Off-side.
6:29 of 1st period - Nick Foligno wins face-off versus Zach Aston-Reese in neutral zone.
6:36 of 1st period - Wrist shot by Nick Foligno.
6:36 of 1st period - Shot Misses the Net.
6:38 of 1st period - Snap shot by Nick Foligno.
6:38 of 1st period - Deflect By Ryan Dzingel.
6:38 of 1st period - Stopped by MacKenzie Blackwood with a rebound.
6:40 of 1st period - Slapshot by Radko Gudas.
6:40 of 1st period - Stopped by MacKenzie Blackwood with a rebound.
6:42 of 1st period - Slapshot by Noah Hanifin.
6:42 of 1st period - Shot Blocked by Josh Morrissey.
6:42 of 1st period - Josh Morrissey from Jets is injured at 6:42 of 1st period (Left Eye).
6:43 of 1st period - Nathan MacKinnon wins face-off versus Carl Soderberg in Jets zone.
7:31 of 1st period - Snap shot by Alex Galchenyuk.
7:31 of 1st period - Stopped by Jake Oettinger with a rebound.
7:33 of 1st period - Slapshot by Nate Prosser.
7:33 of 1st period - Stopped by Jake Oettinger without a rebound.
7:34 of 1st period - Nathan MacKinnon wins face-off versus Nick Foligno in Lightning zone.
7:45 of 1st period - Snap shot by Nathan MacKinnon.
7:45 of 1st period - Shot Misses the Net.
7:47 of 1st period - Slapshot by Josh Manson.
7:47 of 1st period - Shot Misses the Net.
7:49 of 1st period - Wrist shot by Matt Hunwick.
7:49 of 1st period - Shot Misses the Net.
7:51 of 1st period - Slapshot by Josh Manson.
7:51 of 1st period - Shot Blocked by Colin Miller.
7:57 of 1st period - Minor Penalty to Colin Miller for Roughing.
7:58 of 1st period - Carl Soderberg wins face-off versus Nathan MacKinnon in Lightning zone.
9:57 of 1st period - Penalty to Colin Miller is over, Colin Miller is back on ice.
10:02 of 1st period - Snap shot by Jon Marchessault.
10:02 of 1st period - Shot Blocked by Janne Kuokkanen.
10:10 of 1st period - Icing by Andrej Sekera.
10:11 of 1st period - Martin Hanzal wins face-off versus Ryan Nugent-Hopkins in Lightning zone.
10:38 of 1st period - Slapshot by Ryan Nugent-Hopkins.
10:38 of 1st period - Shot Misses the Net.
10:40 of 1st period - Snap shot by Jon Marchessault.
10:40 of 1st period - Shot Misses the Net.
10:52 of 1st period - Snap shot by Ryan Nugent-Hopkins.
10:52 of 1st period - Goal by Ryan Nugent-Hopkins - Jets : 0 - Lightning : 2.
10:53 of 1st period - Nathan MacKinnon wins face-off versus Carl Soderberg in neutral zone.
11:10 of 1st period - Wrist shot by Nathan MacKinnon.
11:10 of 1st period - Shot Misses the Net.
11:30 of 1st period - Slapshot by Nate Prosser.
11:30 of 1st period - Shot Misses the Net.
12:14 of 1st period - Snap shot by Janne Kuokkanen.
12:14 of 1st period - Goal by Janne Kuokkanen - Jets : 1 - Lightning : 2.
12:15 of 1st period - Mikko Koivu wins face-off versus Nathan MacKinnon in neutral zone.
12:28 of 1st period - Wrist shot by Victor Olofsson.
12:28 of 1st period - Shot Misses the Net.
13:27 of 1st period - Nate Prosser is hit by Chris Wagner and loses puck.
13:40 of 1st period - Snap shot by Chris Wagner.
13:40 of 1st period - Stopped by MacKenzie Blackwood with a rebound.
13:54 of 1st period - Slapshot by Nathan MacKinnon.
13:54 of 1st period - Stopped by Jake Oettinger without a rebound.
13:55 of 1st period - Nathan MacKinnon wins face-off versus Ryan Nugent-Hopkins in Lightning zone.
14:16 of 1st period - Snap shot by Nathan MacKinnon.
14:16 of 1st period - Stopped by Jake Oettinger without a rebound.
14:17 of 1st period - Mikko Koivu wins face-off versus Zach Aston-Reese in Lightning zone.
15:10 of 1st period - Wrist shot by Filip Chytil.
15:10 of 1st period - Stopped by Jake Oettinger with a rebound.
15:12 of 1st period - Slapshot by Josh Manson.
15:12 of 1st period - Shot Blocked by Matt Cullen.
15:14 of 1st period - Backhand shot by Colton Sissons.
15:14 of 1st period - Shot Misses the Net.
15:28 of 1st period - Wrist shot by Tyson Jost.
15:28 of 1st period - Shot Misses the Net.
15:30 of 1st period - Slapshot by Radko Gudas.
15:30 of 1st period - Shot Misses the Net.
15:32 of 1st period - Slapshot by Noah Hanifin.
15:32 of 1st period - Shot Misses the Net.
15:34 of 1st period - Backhand shot by Radko Gudas.
15:34 of 1st period - Deflect By Chris Wagner.
15:34 of 1st period - Shot Misses the Net.
15:34 of 1st period - Puck is out of play.
15:35 of 1st period - Mikko Koivu wins face-off versus Nathan MacKinnon in Jets zone.
15:42 of 1st period - Wrist shot by Nick Foligno.
15:42 of 1st period - Goal by Nick Foligno - Jets : 1 - Lightning : 3.
15:43 of 1st period - Nathan MacKinnon wins face-off versus Ryan Nugent-Hopkins in neutral zone.
15:48 of 1st period - Wrist shot by James van Riemsdyk.
15:48 of 1st period - Stopped by Jake Oettinger without a rebound.
15:49 of 1st period - James van Riemsdyk wins face-off versus Ryan Nugent-Hopkins in Lightning zone.
17:40 of 1st period - Matt Cullen is hit by Wayne Simmonds and loses puck.
18:25 of 1st period - Slapshot by Andrew Cogliano.
18:25 of 1st period - Stopped by MacKenzie Blackwood without a rebound.
18:26 of 1st period - Ryan Nugent-Hopkins wins face-off versus Martin Hanzal in Jets zone.
18:33 of 1st period - Ryan Nugent-Hopkins is hit by Brett Ritchie and loses puck.
18:46 of 1st period - Snap shot by Janne Kuokkanen.
18:46 of 1st period - Goal by Janne Kuokkanen - Jets : 2 - Lightning : 3.
18:47 of 1st period - Zach Aston-Reese wins face-off versus Mikko Koivu in neutral zone.
18:50 of 1st period - Ryan Dzingel is hit by Zach Aston-Reese and loses puck.
19:02 of 1st period - Snap shot by Alex Galchenyuk.
19:02 of 1st period - Stopped by Jake Oettinger without a rebound.
19:03 of 1st period - Ryan Nugent-Hopkins wins face-off versus Nathan MacKinnon in Lightning zone.
19:26 of 1st period - Minor Penalty to James van Riemsdyk for Boarding.
19:27 of 1st period - Colton Sissons wins face-off versus Ryan Nugent-Hopkins in Jets zone.
19:32 of 1st period - Slapshot by Josh Manson.
19:32 of 1st period - Deflect By Colton Sissons.
19:32 of 1st period - Stopped by Jake Oettinger with a rebound.
19:54 of 1st period - Josh Manson is hit by Radko Gudas and loses puck.
Goals for this period are 2 for Jets vs 3 for Lightning.
Shots for this period are 15 for Jets vs 13 for Lightning.

2nd period


0:01 of 2nd period - Colton Sissons wins face-off versus Ryan Nugent-Hopkins in neutral zone.
1:04 of 2nd period - Colin Miller is hit by Troy Brouwer and loses puck.
1:26 of 2nd period - Penalty to James van Riemsdyk is over, James van Riemsdyk is back on ice.
1:29 of 2nd period - Snap shot by James van Riemsdyk.
1:29 of 2nd period - Shot Misses the Net.
2:14 of 2nd period - Andrej Sekera is hit by Brett Ritchie and loses puck.
2:29 of 2nd period - Jonathan Ericsson is hit by Colin Miller and loses puck.
3:10 of 2nd period - Matt Hunwick is hit by Tyler Seguin and loses puck.
3:37 of 2nd period - Mark Pysyk is hit by Andrej Sekera and loses puck.
4:07 of 2nd period - Wrist shot by Tyson Jost.
4:07 of 2nd period - Stopped by MacKenzie Blackwood without a rebound.
4:08 of 2nd period - Nathan MacKinnon wins face-off versus Alexander True in Jets zone.
4:19 of 2nd period - Noah Hanifin is hit by Victor Olofsson and loses puck.
4:35 of 2nd period - Wrist shot by Filip Chytil.
4:35 of 2nd period - Shot Misses the Net.
4:37 of 2nd period - Slapshot by Nate Prosser.
4:37 of 2nd period - Deflect By Colton Sissons.
4:37 of 2nd period - Shot Misses the Net.
4:37 of 2nd period - Puck is out of play.
4:38 of 2nd period - Colton Sissons wins face-off versus Ryan Nugent-Hopkins in Lightning zone.
4:41 of 2nd period - Snap shot by Colton Sissons.
4:41 of 2nd period - Shot Misses the Net.
4:43 of 2nd period - Slapshot by Jonathan Ericsson.
4:43 of 2nd period - Shot Blocked by Noah Hanifin.
4:47 of 2nd period - Snap shot by Troy Brouwer.
4:47 of 2nd period - Shot Blocked by Noah Hanifin.
4:49 of 2nd period - Wrist shot by Troy Brouwer.
4:49 of 2nd period - Deflect By Colton Sissons.
4:49 of 2nd period - Shot Misses the Net.
4:49 of 2nd period - Puck is out of play.
4:50 of 2nd period - Ryan Nugent-Hopkins wins face-off versus Zach Aston-Reese in Lightning zone.
5:01 of 2nd period - Tyler Seguin is hit by Alex Galchenyuk and loses puck.
5:16 of 2nd period - Tyler Seguin is hit by Josh Manson.
5:50 of 2nd period - Snap shot by Nick Foligno.
5:50 of 2nd period - Stopped by MacKenzie Blackwood with a rebound.
6:29 of 2nd period - Snap shot by Nick Foligno.
6:29 of 2nd period - Shot Misses the Net.
6:31 of 2nd period - Slapshot by Ryan Dzingel.
6:31 of 2nd period - Shot Misses the Net.
6:33 of 2nd period - Slapshot by Michael Stone.
6:33 of 2nd period - Shot Blocked by Martin Hanzal.
6:35 of 2nd period - Snap shot by Nick Foligno.
6:35 of 2nd period - Shot Misses the Net.
7:05 of 2nd period - Snap shot by Ryan Dzingel.
7:05 of 2nd period - Stopped by MacKenzie Blackwood with a rebound.
7:07 of 2nd period - Snap shot by Nick Foligno.
7:07 of 2nd period - Stopped by MacKenzie Blackwood with a rebound.
7:09 of 2nd period - Slapshot by Andrej Sekera.
7:09 of 2nd period - Shot Misses the Net.
7:11 of 2nd period - Wrist shot by Mikko Koivu.
7:11 of 2nd period - Stopped by MacKenzie Blackwood without a rebound.
7:12 of 2nd period - Ryan Nugent-Hopkins wins face-off versus Nathan MacKinnon in Jets zone.
7:17 of 2nd period - Snap shot by Tyler Seguin.
7:17 of 2nd period - Shot Misses the Net.
7:19 of 2nd period - Slapshot by Noah Hanifin.
7:19 of 2nd period - Shot Misses the Net.
7:21 of 2nd period - Slapshot by Jon Marchessault.
7:21 of 2nd period - Deflect By Tyler Seguin.
7:21 of 2nd period - Shot Misses the Net.
7:21 of 2nd period - Puck is out of play.
7:22 of 2nd period - Ryan Nugent-Hopkins wins face-off versus Nathan MacKinnon in Jets zone.
7:41 of 2nd period - Wrist shot by Ryan Nugent-Hopkins.
7:41 of 2nd period - Shot Blocked by Nate Prosser.
7:43 of 2nd period - Slapshot by Ryan Nugent-Hopkins.
7:43 of 2nd period - Shot Misses the Net.
7:59 of 2nd period - Slapshot by Tyler Seguin.
7:59 of 2nd period - Shot Misses the Net.
8:01 of 2nd period - Snap shot by Jon Marchessault.
8:01 of 2nd period - Stopped by MacKenzie Blackwood with a rebound.
8:03 of 2nd period - Slapshot by Noah Hanifin.
8:03 of 2nd period - Deflect By Tyler Seguin.
8:03 of 2nd period - Shot Misses the Net.
8:03 of 2nd period - Puck is out of play.
8:04 of 2nd period - Carl Soderberg wins face-off versus Zach Aston-Reese in Jets zone.
8:29 of 2nd period - Troy Brouwer is hit by Johnny Boychuk and loses puck.
8:54 of 2nd period - Wrist shot by Andrew Cogliano.
8:54 of 2nd period - Shot Blocked by Brett Ritchie.
9:40 of 2nd period - Wrist shot by Alex Galchenyuk.
9:40 of 2nd period - Stopped by Jake Oettinger with a rebound.
9:42 of 2nd period - Slapshot by Matt Hunwick.
9:42 of 2nd period - Stopped by Jake Oettinger with a rebound.
9:44 of 2nd period - Snap shot by Alex Galchenyuk.
9:44 of 2nd period - Stopped by Jake Oettinger without a rebound.
9:45 of 2nd period - Mikko Koivu wins face-off versus Nathan MacKinnon in Lightning zone.
9:58 of 2nd period - Noah Hanifin is hit by Mark Pysyk and loses puck.
10:47 of 2nd period - Slapshot by Colton Sissons.
10:47 of 2nd period - Stopped by Jake Oettinger with a rebound.
11:39 of 2nd period - Snap shot by Alex Galchenyuk.
11:39 of 2nd period - Shot Misses the Net.
11:41 of 2nd period - Wrist shot by Matt Hunwick.
11:41 of 2nd period - Shot Misses the Net.
11:43 of 2nd period - Slapshot by Nate Prosser.
11:43 of 2nd period - Shot Misses the Net.
11:45 of 2nd period - Wrist shot by Wayne Simmonds.
11:45 of 2nd period - Shot Blocked by Noah Hanifin.
11:49 of 2nd period - Slapshot by Alex Galchenyuk.
11:49 of 2nd period - Shot Misses the Net.
11:55 of 2nd period - Minor Penalty to Ryan Nugent-Hopkins for Holding.
11:56 of 2nd period - Nathan MacKinnon wins face-off versus Carl Soderberg in Lightning zone.
12:33 of 2nd period - Slapshot by Wayne Simmonds.
12:33 of 2nd period - Stopped by Jake Oettinger with a rebound.
12:35 of 2nd period - Wrist shot by Colton Sissons.
12:35 of 2nd period - Stopped by Jake Oettinger with a rebound.
12:47 of 2nd period - Slapshot by Andrew Cogliano.
12:47 of 2nd period - Deflect By Matt Cullen.
12:47 of 2nd period - Stopped by MacKenzie Blackwood with a rebound.
12:49 of 2nd period - Slapshot by Andrew Cogliano.
12:49 of 2nd period - Shot Misses the Net.
12:51 of 2nd period - Snap shot by Andrew Cogliano.
12:51 of 2nd period - Stopped by MacKenzie Blackwood without a rebound.
12:52 of 2nd period - Nathan MacKinnon wins face-off versus Matt Cullen in Jets zone.
13:16 of 2nd period - Noah Hanifin is hit by Josh Manson and loses puck.
13:21 of 2nd period - Slapshot by Alex Galchenyuk.
13:21 of 2nd period - Shot Blocked by Chris Wagner.
13:23 of 2nd period - Wrist shot by Alex Galchenyuk.
13:23 of 2nd period - Shot Misses the Net.
13:25 of 2nd period - Wrist shot by Colton Sissons.
13:25 of 2nd period - Stopped by Jake Oettinger with a rebound.
13:46 of 2nd period - Colton Sissons is hit by Matt Cullen and loses puck.
13:55 of 2nd period - Penalty to Ryan Nugent-Hopkins is over, Ryan Nugent-Hopkins is back on ice.
14:22 of 2nd period - Ryan Nugent-Hopkins is hit by Matt Hunwick and loses puck.
14:47 of 2nd period - Icing by Mikko Koivu.
14:48 of 2nd period - Martin Hanzal wins face-off versus Mikko Koivu in Lightning zone.
15:25 of 2nd period - Jon Marchessault is hit by Nate Prosser and loses puck.
15:47 of 2nd period - Wrist shot by Troy Brouwer.
15:47 of 2nd period - Stopped by Jake Oettinger with a rebound.
16:06 of 2nd period - Radko Gudas is hit by Mark Pysyk and loses puck.
16:23 of 2nd period - Wrist shot by Brett Ritchie.
16:23 of 2nd period - Stopped by Jake Oettinger without a rebound.
16:24 of 2nd period - Janne Kuokkanen wins face-off versus Andrew Cogliano in Lightning zone.
16:25 of 2nd period - Snap shot by Brett Ritchie.
16:25 of 2nd period - Stopped by Jake Oettinger without a rebound.
16:26 of 2nd period - Carl Soderberg wins face-off versus Nathan MacKinnon in Lightning zone.
16:30 of 2nd period - Minor Penalty to James van Riemsdyk for Slashing.
16:31 of 2nd period - Colton Sissons wins face-off versus Carl Soderberg in Jets zone.
17:56 of 2nd period - Icing by Ryan Nugent-Hopkins.
17:57 of 2nd period - Martin Hanzal wins face-off versus Carl Soderberg in Lightning zone.
18:30 of 2nd period - Penalty to James van Riemsdyk is over, James van Riemsdyk is back on ice.
18:38 of 2nd period - Radko Gudas is hit by Nathan MacKinnon and loses puck.
18:47 of 2nd period - Snap shot by James van Riemsdyk.
18:47 of 2nd period - Shot Blocked by Alexander True.
18:49 of 2nd period - Slapshot by Matt Hunwick.
18:49 of 2nd period - Stopped by Jake Oettinger with a rebound.
19:09 of 2nd period - Snap shot by Wayne Simmonds.
19:09 of 2nd period - Stopped by Jake Oettinger without a rebound.
19:10 of 2nd period - Mikko Koivu wins face-off versus Nathan MacKinnon in Lightning zone.
Goals for this period are 0 for Jets vs 0 for Lightning.
Shots for this period are 12 for Jets vs 8 for Lightning.

3rd period


0:01 of 3rd period - Ryan Nugent-Hopkins wins face-off versus Nathan MacKinnon in neutral zone.
0:04 of 3rd period - Slapshot by Jon Marchessault.
0:04 of 3rd period - Stopped by MacKenzie Blackwood without a rebound.
0:05 of 3rd period - Ryan Nugent-Hopkins wins face-off versus Nathan MacKinnon in Jets zone.
0:57 of 3rd period - Slapshot by Ryan Nugent-Hopkins.
0:57 of 3rd period - Stopped by MacKenzie Blackwood with a rebound.
1:37 of 3rd period - Snap shot by Nathan MacKinnon.
1:37 of 3rd period - Stopped by Jake Oettinger with a rebound.
1:57 of 3rd period - Wrist shot by Tyler Seguin.
1:57 of 3rd period - Stopped by MacKenzie Blackwood with a rebound.
1:59 of 3rd period - Slapshot by Tyler Seguin.
1:59 of 3rd period - Stopped by MacKenzie Blackwood with a rebound.
2:11 of 3rd period - Wrist shot by Jon Marchessault.
2:11 of 3rd period - Stopped by MacKenzie Blackwood with a rebound.
2:13 of 3rd period - Backhand shot by Noah Hanifin.
2:13 of 3rd period - Shot Misses the Net.
2:15 of 3rd period - Snap shot by Jon Marchessault.
2:15 of 3rd period - Goal by Jon Marchessault - Jets : 2 - Lightning : 4.
2:16 of 3rd period - Zach Aston-Reese wins face-off versus Mikko Koivu in neutral zone.
2:27 of 3rd period - Wrist shot by Mikko Koivu.
2:27 of 3rd period - Shot Misses the Net.
2:29 of 3rd period - Slapshot by Johnny Boychuk.
2:29 of 3rd period - Shot Misses the Net.
2:31 of 3rd period - Slapshot by Colin Miller.
2:31 of 3rd period - Stopped by MacKenzie Blackwood with a rebound.
2:33 of 3rd period - Slapshot by Mikko Koivu.
2:33 of 3rd period - Shot Hit the Post.
3:08 of 3rd period - Wrist shot by Tyson Jost.
3:08 of 3rd period - Stopped by MacKenzie Blackwood without a rebound.
3:09 of 3rd period - Mikko Koivu wins face-off versus Zach Aston-Reese in Jets zone.
3:16 of 3rd period - Johnny Boychuk is hit by Jonathan Ericsson and loses puck.
3:40 of 3rd period - Colin Miller is hit by Troy Brouwer and loses puck.
4:01 of 3rd period - Tyson Jost is hit by Brett Ritchie and loses puck.
4:08 of 3rd period - Brett Ritchie is hit by Johnny Boychuk and loses puck.
4:34 of 3rd period - Icing by Josh Manson.
4:35 of 3rd period - Martin Hanzal wins face-off versus Andrew Cogliano in Jets zone.
4:35 of 3rd period - Martin Hanzal is hit by Carl Soderberg.
4:46 of 3rd period - Off-side.
4:47 of 3rd period - Mikko Koivu wins face-off versus Zach Aston-Reese in neutral zone.
5:04 of 3rd period - Wrist shot by Mikko Koivu.
5:04 of 3rd period - Stopped by MacKenzie Blackwood without a rebound.
5:05 of 3rd period - Nathan MacKinnon wins face-off versus Ryan Nugent-Hopkins in Jets zone.
5:15 of 3rd period - Off-side.
5:16 of 3rd period - Zach Aston-Reese wins face-off versus Ryan Nugent-Hopkins in neutral zone.
5:19 of 3rd period - Johnny Boychuk is hit by Wayne Simmonds and loses puck.
5:28 of 3rd period - Snap shot by Wayne Simmonds.
5:28 of 3rd period - Shot Misses the Net.
5:30 of 3rd period - Slapshot by Wayne Simmonds.
5:30 of 3rd period - Shot Misses the Net.
5:32 of 3rd period - Slapshot by Josh Manson.
5:32 of 3rd period - Shot Blocked by Colin Miller.
5:39 of 3rd period - Icing by Colin Miller.
5:40 of 3rd period - Nathan MacKinnon wins face-off versus Nick Foligno in Lightning zone.
5:41 of 3rd period - Slapshot by Victor Olofsson.
5:41 of 3rd period - Stopped by Jake Oettinger with a rebound.
5:45 of 3rd period - Wrist shot by Victor Olofsson.
5:45 of 3rd period - Stopped by Jake Oettinger without a rebound.
5:46 of 3rd period - Nathan MacKinnon wins face-off versus Mikko Koivu in Lightning zone.
5:56 of 3rd period - Icing by Radko Gudas.
5:57 of 3rd period - Nathan MacKinnon wins face-off versus Ryan Dzingel in Lightning zone.
6:37 of 3rd period - Backhand shot by Mikko Koivu.
6:37 of 3rd period - Stopped by MacKenzie Blackwood with a rebound.
6:39 of 3rd period - Backhand shot by Mikko Koivu.
6:39 of 3rd period - Stopped by MacKenzie Blackwood without a rebound.
6:40 of 3rd period - Ryan Nugent-Hopkins wins face-off versus Zach Aston-Reese in Jets zone.
7:28 of 3rd period - Johnny Boychuk is hit by Josh Manson and loses puck.
8:09 of 3rd period - Alex Galchenyuk is hit by Mikko Koivu and loses puck.
8:30 of 3rd period - Wrist shot by Filip Chytil.
8:30 of 3rd period - Stopped by Jake Oettinger with a rebound.
8:32 of 3rd period - Slapshot by Mark Pysyk.
8:32 of 3rd period - Stopped by Jake Oettinger with a rebound.
8:34 of 3rd period - Wrist shot by Filip Chytil.
8:34 of 3rd period - Goal by Filip Chytil - Jets : 3 - Lightning : 4.
8:35 of 3rd period - Ryan Nugent-Hopkins wins face-off versus Zach Aston-Reese in neutral zone.
9:28 of 3rd period - Snap shot by Matt Cullen.
9:28 of 3rd period - Shot Misses the Net.
9:46 of 3rd period - Slapshot by Noah Hanifin.
9:46 of 3rd period - Stopped by MacKenzie Blackwood without a rebound.
9:47 of 3rd period - Colton Sissons wins face-off versus Mikko Koivu in Jets zone.
10:21 of 3rd period - Snap shot by Tyson Jost.
10:21 of 3rd period - Shot Misses the Net.
10:38 of 3rd period - Slapshot by Filip Chytil.
10:38 of 3rd period - Shot Misses the Net.
10:40 of 3rd period - Wrist shot by Troy Brouwer.
10:40 of 3rd period - Stopped by Jake Oettinger with a rebound.
10:44 of 3rd period - Slapshot by Colton Sissons.
10:44 of 3rd period - Stopped by Jake Oettinger with a rebound.
10:48 of 3rd period - Snap shot by Filip Chytil.
10:48 of 3rd period - Stopped by Jake Oettinger without a rebound.
10:49 of 3rd period - Mikko Koivu wins face-off versus Nathan MacKinnon in Lightning zone.
11:04 of 3rd period - Slapshot by Nathan MacKinnon.
11:04 of 3rd period - Stopped by Jake Oettinger with a rebound.
11:06 of 3rd period - Slapshot by Josh Manson.
11:06 of 3rd period - Stopped by Jake Oettinger without a rebound.
11:07 of 3rd period - Ryan Nugent-Hopkins wins face-off versus Zach Aston-Reese in Lightning zone.
11:11 of 3rd period - Off-side.
11:12 of 3rd period - Zach Aston-Reese wins face-off versus Ryan Nugent-Hopkins in neutral zone.
12:01 of 3rd period - Colton Sissons is hit by Radko Gudas and loses puck.
12:08 of 3rd period - Snap shot by Matt Cullen.
12:08 of 3rd period - Shot Misses the Net.
12:10 of 3rd period - Slapshot by Noah Hanifin.
12:10 of 3rd period - Stopped by MacKenzie Blackwood without a rebound.
12:11 of 3rd period - Ryan Nugent-Hopkins wins face-off versus Zach Aston-Reese in Jets zone.
12:36 of 3rd period - Nathan MacKinnon is hit by Mikko Koivu.
12:58 of 3rd period - Snap shot by Filip Chytil.
12:58 of 3rd period - Stopped by Jake Oettinger with a rebound.
13:00 of 3rd period - Slapshot by Troy Brouwer.
13:00 of 3rd period - Stopped by Jake Oettinger with a rebound.
13:02 of 3rd period - Snap shot by Josh Manson.
13:02 of 3rd period - Stopped by Jake Oettinger with a rebound.
13:04 of 3rd period - Snap shot by Troy Brouwer.
13:04 of 3rd period - Stopped by Jake Oettinger with a rebound.
13:06 of 3rd period - Backhand shot by Troy Brouwer.
13:06 of 3rd period - Deflect By Filip Chytil.
13:06 of 3rd period - Shot Blocked by Matt Cullen.
13:06 of 3rd period - Puck is out of play.
13:07 of 3rd period - Nathan MacKinnon wins face-off versus Ryan Nugent-Hopkins in Lightning zone.
13:50 of 3rd period - Off-side.
13:51 of 3rd period - Colton Sissons wins face-off versus Carl Soderberg in neutral zone.
14:02 of 3rd period - Snap shot by Andrew Cogliano.
14:02 of 3rd period - Shot Blocked by Troy Brouwer.
14:04 of 3rd period - Wrist shot by Matt Cullen.
14:04 of 3rd period - Shot Blocked by Mark Pysyk.
14:06 of 3rd period - Wrist shot by Matt Cullen.
14:06 of 3rd period - Shot Blocked by Mark Pysyk.
14:25 of 3rd period - Slapshot by Ryan Nugent-Hopkins.
14:25 of 3rd period - Stopped by MacKenzie Blackwood without a rebound.
14:26 of 3rd period - Mikko Koivu wins face-off versus Zach Aston-Reese in Jets zone.
14:29 of 3rd period - Slapshot by Nick Foligno.
14:29 of 3rd period - Stopped by MacKenzie Blackwood without a rebound.
14:30 of 3rd period - Alex Galchenyuk wins face-off versus Mikko Koivu in Jets zone.
15:40 of 3rd period - Nick Foligno is hit by Mark Pysyk and loses puck.
16:00 of 3rd period - Noah Hanifin is hit by Nathan MacKinnon and loses puck.
16:17 of 3rd period - Ryan Nugent-Hopkins is hit by Janne Kuokkanen and loses puck.
17:00 of 3rd period - Wrist shot by Victor Olofsson.
17:00 of 3rd period - Stopped by Jake Oettinger with a rebound.
17:02 of 3rd period - Slapshot by Nate Prosser.
17:02 of 3rd period - Shot Blocked by Tyson Jost.
17:20 of 3rd period - Andrej Sekera is hit by Colton Sissons and loses puck.
18:09 of 3rd period - Slapshot by Colin Miller.
18:09 of 3rd period - Deflect By Tyson Jost.
18:09 of 3rd period - Deflect By Nathan MacKinnon.
18:09 of 3rd period - Stopped by MacKenzie Blackwood without a rebound.
18:10 of 3rd period - Tyson Jost wins face-off versus Nathan MacKinnon in Jets zone.
18:19 of 3rd period - Snap shot by Chris Wagner.
18:19 of 3rd period - Shot Misses the Net.
19:05 of 3rd period - Michael Stone is hit by Josh Manson.
19:09 of 3rd period - Matt Cullen is hit by Alex Galchenyuk and loses puck.
19:12 of 3rd period - Jets, MacKenzie Blackwood is pulled from the net.
19:22 of 3rd period - Snap shot by Alex Galchenyuk.
19:22 of 3rd period - Shot Misses the Net.
19:24 of 3rd period - Slapshot by Victor Olofsson.
19:24 of 3rd period - Stopped by Jake Oettinger with a rebound.
19:32 of 3rd period - Slapshot by Alex Galchenyuk.
19:32 of 3rd period - Shot Blocked by Carl Soderberg.
19:34 of 3rd period - Slapshot by Matt Hunwick.
19:34 of 3rd period - Stopped by Jake Oettinger with a rebound.
19:46 of 3rd period - Matt Hunwick is hit by Andrej Sekera and loses puck.
19:57 of 3rd period - Wrist shot by Victor Olofsson.
19:57 of 3rd period - Shot Blocked by Matt Cullen.
Goals for this period are 1 for Jets vs 1 for Lightning.
Shots for this period are 18 for Jets vs 16 for Lightning.